 Seeded DCSS version 0.26.1-2-gb8aa6d0cf2 (webtiles) character file.

Game seed: 13580442721858370627 (custom seed)

339 jmmainvi the Sneak (level 6, 0/28 HPs)
             Began as a Spriggan Enchanter on Feb 14, 2021.
             Killed from afar by a white imp (10 damage)
             ... with a puff of frost
             ... on level 8 of the Dungeon on Feb 15, 2021.
             The game lasted 00:12:53 (4365 turns).

jmmainvi the Sneak (Spriggan Enchanter)             Turns: 4365, Time: 00:12:53

Health: 0/28       AC:  4    Str:  4    XL:     6   Next: 29%
Magic:  7/11       EV: 18    Int: 18    God:
Gold:   146        SH:  0    Dex: 17    Spells: 8/11 levels left

rFire    . . .     SeeInvis +   a - +1 dagger
rCold    . . .     Faith    .   (shield restricted)
rNeg     . . .     Spirit   .   b - +0 robe
rPois    .         Reflect  .   (helmet restricted)
rElec    .         Harm     .   g - +1 cloak
rCorr    .         Rampage  .   (gloves unavailable)
Will     +....                  (boots unavailable)
Stlth    +++.......             (no amulet)
HPRegen  0.09/turn              (no ring)
MPRegen  0.12/turn              (no ring)

@: very quick
A: very small, unfitting armour, see invisible, speed 3
a: no special abilities


You were on level 8 of the Dungeon.
You visited 1 branch of the dungeon, and saw 8 of its levels.

You collected 146 gold pieces.

Inventory:

Hand Weapons
 a - a +1 dagger (weapon)
Missiles
 e - 16 sling bullets
Armour
 b - a +0 robe (worn)
 g - a +1 cloak (worn)
Jewellery
 n - an uncursed ring of willpower {unknown}
 o - an uncursed ring of see invisible {unknown}
Wands
 k - a wand of iceblast (9)
Scrolls
 d - a scroll of identify {unknown}
 f - a scroll of blinking {unknown}
 h - a scroll of amnesia {unknown}
 i - a scroll of enchant armour {unknown}
 l - a scroll of vulnerability {unknown}
 m - a scroll of teleportation {unknown}
Potions
 c - a potion of might {unknown}
 j - a potion of brilliance {unknown}


   Skills:
 - Level 1.5 Short Blades
 - Level 3.3 Dodging
 + Level 6.6 Stealth
 - Level 3.0 Spellcasting
 * Level 6.4 Hexes
 + Level 2.1 Ice Magic


You had 8 spell levels left.
You knew the following spells:

 Your Spells              Type           Power        Failure   Level
a - Corona                Hex            27%          1%          1
b - Ensorcelled Hibernat  Hex/Ice        36%          4%          2

Your spell library contained the following spells:

 Spells                   Type           Power        Failure   Level
 Confusing Touch          Hex            25%          3%          3
 Tukima's Dance           Hex            25%          3%          3
 Dazzling Flash           Conj/Hex       28%          13%         3
 Poisonous Vapours        Pois/Air       4%           24%         2
 Conjure Flame            Conj/Fire      2%           43%         3
 Mephitic Cloud           Conj/Pois/Air  2%           43%         3
 Freezing Cloud           Conj/Ice/Air   2%           100%        6


Dungeon Overview and Level Annotations

Branches:
Dungeon (8/15)
 Temple: D:4-7         Lair: D:8-11

Altars:
Gozag


Innate Abilities, Weirdness & Mutations

You are very small and have problems with some larger weapons.
You are too small for most types of armour.
You have supernaturally acute eyesight. (SInv)
You cover ground extremely quickly.


Message History

Confirm with . or Enter, or press ? or * to list all spells.
Aiming: Corona (safe; 1% risk of failure)
Press: ? - help, Shift-Dir - straight line, f/p - white imp
Aim: a white imp (heavily wounded, chance to affect: 73%)
The white imp is outlined in light.
The white imp closely misses you.
You barely miss the white imp.
The white imp is moderately wounded.
The white imp hits you. The white imp freezes you.
You barely miss the white imp.
The white imp is moderately wounded.
The white imp closely misses you.
You hit the white imp but do no damage.
The white imp is moderately wounded.
The white imp hits you but does no damage.
You hit the white imp but do no damage.
The white imp is moderately wounded.
The white imp stops glowing.
The white imp gestures at you. The puff of frost hits you!
You die...

#...#.....#..#...#
#...'.....#..#...#
###########.....########
...................#
...................#
.>.................#
.........[.........#
.................5†######
########'#######@#†<....#
.......#...#.....#......#
.......#...#.....#......#
.......'...#.....'......#
####..###.########......#
####..###.###......######
........'...#......#
........#...#......#
##......#...#......#


You could see a white imp.

Vanquished Creatures
  A bullfrog (D:7)
  A scorpion (D:8)
  A hound (D:7)
  2 orc wizards
  2 worker ants
  4 adders
  2 white imps
  An ooze (D:1)
  3 leopard geckos
  7 orcs
  A bat (D:1)
  2 giant cockroaches (D:1)
  2 goblins (D:1)
  2 hobgoblins (D:1)
  2 jackals (D:8)
  A quokka (D:6)
  A frilled lizard (D:1)
  2 kobolds (D:1)
  A leopard gecko zombie (D:5)
  2 rats (D:1)
40 creatures vanquished.

Notes
Turn   | Place    | Note
-------+----------+-------------------------------------------
     0 | D:1      | jmmainvi the Spriggan Enchanter began the quest for the
                  | Orb.
     0 | D:1      | Reached XP level 1. HP: 9/9 MP: 5/5
   429 | D:1      | Reached XP level 2. HP: 9/13 MP: 6/6
   523 | D:1      | Learned a level 2 spell: Ensorcelled Hibernation
  1161 | D:2      | Reached XP level 3. HP: 16/16 MP: 5/8
  1274 | D:4      | Reached skill level 5 in Stealth
  1296 | D:5      | Entered Level 5 of the Dungeon
  1306 | D:5      | Reached skill level 1 in Ice Magic
  1306 | D:5      | Reached XP level 4. HP: 21/21 MP: 2/9
  1582 | D:6      | Reached skill level 5 in Hexes
  2163 | D:6      | Reached XP level 5. HP: 8/24 MP: 1/10
  2864 | D:7      | Noticed an ice beast
  3188 | D:7      | Reached XP level 6. HP: 28/28 MP: 8/11
  3195 | D:7      | Noticed an orc warrior
  3941 | D:8      | Found an opulent altar of Gozag.
  4365 | D:8      | Killed from afar by a white imp

Illustrated notes

Levels and vault maps discovered:
D:1:      minmay_arrival_four_loops, layout_loops_corners,
          nemelex_diamond_rough_becter
D:2:      layout_basic, minmay_crystal_room
D:3:      minmay_razor_zed, layout_basic, gammafunk_ghost_gnarly_gnolls,
          chequers_ecumenical_altar_twisty, trog_three_pillars_becter
D:4:      cheibrodos_quashed, layout_basic, moated_statue, uniq_duvessa
D:5:      lemuel_ratsnest, layout_loops_cross, led_xom_imps
D:6:      layout_gridville, temple_doors_cd, basic_altar, nrook_campfire
D:7:      layout_basic, kennysheep_doodads, minivault_1,
          nemelex_lonely_heart_becter, uniq_harold
D:8:      kennysheep_windowed_halls, layout_gridville, grunt_gozag_breadcrumbs,
          lemuel_crystal_altar, lair_entry_dummy

Skill      XL: |  1  2  3  4  5 |
---------------+----------------+-----
Spellcasting   | 3 |  3.0
Hexes          | 4 5 6 |  6.4
Stealth        | 5 6 |  6.6
Ice Magic      | 1 2 |  2.1
Short Blades   | |  1.5
Dodging        | |  3.3

Action                   |  1- 3 |  4- 6 || total
-------------------------+-------+-------++-------
Melee: Dagger            |    48 |    74 ||   122
 Cast: Corona            |     2 |     5 ||     7
       Ensorcelled Hiber |    15 |    34 ||    49
 Stab: Sleeping          |    15 |    19 ||    34
Armor: Robe              |     6 |    11 ||    17
Dodge: Dodged            |    38 |    77 ||   115
